AoeStats
← Mycorrhizal

MegaRandom

509163988Analyzed
3v3 RM · 6d ago on Sep 25, 2026· 27m 50s· 6 players
Game mode
Random Map
Map size
Normal (6 player)
Population
200
Speed
Normal
Resources
Standard
Victory
Conquest
Starting age
Dark Age
Ending age
Imperial Age
RankedLock teamsTeams togetherTeam positionsShared explorationLock speedFull tech treeHidden civsTurbo modeCheats
Victory
Defeat
🇩🇪 Malay · Germany
1504
+14
🇩🇪 Bohemians · Germany
1451
+16
🇩🇪 Japanese · Germany
1416
+19
🇨🇿 Celts · Czechia
1488
-17
🇪🇨 Gurjaras · Ecuador
1451
-16
🇨🇦 Turks · Canada
1448
-16
[UDeaD]Fibsinator
7:38 Loom
9:54 Feudal Age
10:52 Double-Bit Axe
13:32 Horse Collar
15:27 Fletching
19:27 Padded Archer Armor
22:19 Castle Age
22:33 Crossbowman
23:13 Bodkin Arrow
24:50 Leather Archer Armor
26:31 Pikeman
27:25 Forging
27:15 Scale Mail Armor
[UDeaD]EL ROJO
6:58 Loom
9:38 Feudal Age
9:25 Double-Bit Axe
10:11 Horse Collar
18:59 Castle Age
19:15 Scale Barding Armor
19:21 Forging
19:39 Bow Saw
20:59 Husbandry
26:07 Wheelbarrow
[UDeaD]fabius
7:31 Loom
10:07 Feudal Age
10:13 Man-at-Arms
13:43 Double-Bit Axe
15:10 Fletching
21:57 Castle Age
20:30 Padded Archer Armor
22:33 Crossbowman
24:05 Bodkin Arrow
24:41 Bow Saw
24:23 Horse Collar
fall
10:47 Feudal Age
16:15 Castle Age
22:44 Loom
25:42 Scale Mail Armor
25:36 Double-Bit Axe
27:14 Horse Collar
Mycorrhizal
7:33 Loom
9:27 Feudal Age
18:35 Double-Bit Axe
19:06 Fletching
21:17 Padded Archer Armor
28:05 Castle Age
27:08 Gold Mining
AdrianJPG
4:12 Loom
9:40 Feudal Age
12:21 Double-Bit Axe
19:01 Castle Age
18:22 Bloodlines
18:36 Scale Barding Armor
18:40 Horse Collar
19:29 Forging
19:51 Husbandry
25:30 Chain Barding Armor
Connection lost

Rejoining the realm…

Still unreachable

The connection could not be restored.

Session expired

The server has moved on; the page needs a fresh start.